 Dungeon Crawl Stone Soup version 0.28.0-45-g0d030f2227 (webtiles) character file.

Game seed: 12328602249367658687

1544 CryoSword the Twirler (level 9, -3/69 HPs)
             Began as a Formicid Fighter on Apr 10, 2022.
             Slain by a slime creature (4 damage)
             ... on level 6 of the Dungeon.
             The game lasted 00:07:13 (5339 turns).

CryoSword the Twirler (Formicid Fighter)            Turns: 5339, Time: 00:07:14

Health: -3/69      AC: 13    Str: 29    XL:     9   Next: 11%
Magic:  9/9        EV: 15    Int:  8    God:
Gold:   154        SH:  5    Dex: 12    Spells: 8/8 levels left

rFire   . . .      SeeInvis +   l - +5 quarterstaff (protect)
rCold   . . .      Faith    .   c - +0 buckler
rNeg    . . .      Spirit   .   b - +0 scale mail
rPois   .          Reflect  .   (helmet unavailable)
rElec   .          Harm     .   d - +2 cloak
rCorr   .          Rampage  .   j - +0 pair of gloves
Will    .....                   n - +0 pair of boots
Stlth   ..........              (no amulet)
HPRegen 0.21/turn               f - +4 ring of evasion
MPRegen 0.11/turn               u - +6 ring of strength

@: no status effects
A: permanent stasis, dig shafts and tunnels, antennae 3, four strong arms
a: Dig, Shaft Self


You were on level 6 of the Dungeon.
You visited 1 branch of the dungeon, and saw 7 of its levels.

You collected 212 gold pieces.
You spent 58 gold pieces at shops.

Inventory:

Hand Weapons
 a - a +0 lajatang of electrocution
   (You acquired it on level 2 of the Dungeon)
 l - a +5 quarterstaff of protection (weapon)
   (You took it off Crazy Yiuf on level 2 of the Dungeon)
Missiles
 e - 8 poisoned darts
 t - 2 boomerangs
Armour
 b - a +0 scale mail (worn)
 c - a +0 buckler (worn)
 d - a +2 cloak (worn)
   (You took it off Crazy Yiuf on level 2 of the Dungeon)
 j - a +0 pair of gloves (worn)
   (You found it on level 1 of the Dungeon)
 n - a +0 pair of boots (worn)
   (You bought it in a shop on level 3 of the Dungeon)
Jewellery
 f - a +4 ring of evasion (left hand)
   (You took it off a goblin on level 2 of the Dungeon)
 i - a ring of ice
   (You found it on level 1 of the Dungeon)
 q - a ring of protection from cold
   (You found it on level 6 of the Dungeon)
 u - a +6 ring of strength (right hand)
   (You found it on level 6 of the Dungeon)
Wands
 k - a wand of flame (16)
   (You took it off Natasha on level 2 of the Dungeon)
Scrolls
 m - a scroll of brand weapon
 o - a scroll of enchant armour {unknown}
Potions
 g - 2 potions of curing {unknown}
 h - 2 potions of mutation {unknown}
 p - a potion of ambrosia {unknown}
 r - a potion of flight
 s - a potion of attraction {unknown}


   Skills:
 + Level 5.8 Fighting
 * Level 6.5 Staves
 + Level 5.8 Armour
 + Level 3.6 Dodging
 + Level 6.3 Shields


You had 8 spell levels left.
You didn't know any spells.
Your spell library contained the following spells:

 Spells                   Type           Power      Damage    Failure   Level
 Beastly Appendage        Tmut           0%         N/A       71%         1
 Static Discharge         Conj/Air       0%         N/A       85%         2
 Sublimation of Blood     Necr           0%         N/A       85%         2
 Wereblood                Tmut           0%         N/A       85%         2
 Spider Form              Tmut/Pois      0%         N/A       97%         3
 Lightning Bolt           Conj/Air       0%         1d11      100%        5
 Malign Gateway           Summ/Tloc      0%         N/A       100%        7
 Summon Hydra             Summ           0%         N/A       100%        7
 Maxwell's Capacitive Co  Air            0%         ∞         100%        8
 Summon Horrible Things   Summ           0%         N/A       100%        8


Dungeon Overview and Level Annotations

Branches:
Dungeon (7/15)
 Temple: D:4-7

Altars:
Hepliaklqana
Qazlal
Ru
Trog

Shops:
D:2 [   D:3 *   D:4 (


Innate Abilities, Weirdness & Mutations

You cannot be hasted, slowed, berserked, paralysed or teleported.
You can dig through walls and to a lower floor.
You have a pair of large antennae on your head. (SInv)
Your four strong arms can wield two-handed weapons with a shield.


Message History

No target in view!
No target in view!
No target in view!
No target in view!
No target in view!
No target in view!
You see here an adder corpse.
Key pressed, stopping explore.
You are caught in the web!
q - a ring of protection from cold
There is a web here.
You disentangle yourself.
Things that are here:
a +0 dagger; a +0 robe
There is a stone staircase leading up here.
s - a sedimented pink potion Done exploring.
Done exploring.
Okay, then.
Done exploring.
Done exploring.
Done exploring.
There is an escape hatch in the floor here.
There is a stone staircase leading down here.
You climb downwards.
You hear the roar of battle.
There is an entrance to a bailey on this level.
Hurry and find it before the portal closes forever!
Found a stone staircase leading up.
There is a stone staircase leading up here.
A bullfrog zombie is nearby!
A bullfrog zombie is nearby!
You sock the bullfrog zombie!
Your weapon exudes an aura of protection.
The bullfrog zombie hits you but does no damage.
You sock the bullfrog zombie! You block the bullfrog zombie's attack.
The bullfrog zombie hits you but does no damage.
You hit the bullfrog zombie.
The bullfrog zombie hits you but does no damage.
You thump the bullfrog zombie!
You destroy the bullfrog zombie!
No target in view!
Found a pair of glowing gloves.
Found a stone staircase leading up.
You now have 154 gold pieces (gained 9).
A centaur comes into view.
Found a leather armour.
The centaur shouts!
The centaur wields a +0 shortbow.
The centaur shoots an arrow.
The arrow hits you.
The centaur shoots an arrow.
The arrow hits you.
A centaur is nearby!
A slime creature comes into view.
The slime creature quivers.
The centaur shoots an arrow.
The arrow misses you.
A slime creature comes into view.
You hear a shout!
The centaur shoots an arrow.
The arrow hits you!
An orc comes into view. It is wielding a +0 short sword.
The centaur shoots an arrow.
You block the arrow. 2 slime creatures come into view.
The slime creature quivers.
The centaur shoots an arrow.
The arrow hits you.
The centaur shoots an arrow.
The arrow barely misses you. The slime creature closely misses you.
The centaur shoots an arrow.
The arrow hits you!
You are too injured to fight recklessly!
You are too injured to fight recklessly!
You are too injured to fight recklessly!
You are too injured to fight recklessly!
You are too injured to fight recklessly!
You are too injured to fight recklessly!
You are too injured to fight recklessly!
You are too injured to fight recklessly!
You are too injured to fight recklessly!
You are too injured to fight recklessly!
You are too injured to fight recklessly!
You are too injured to fight recklessly!
You are too injured to fight recklessly!
You are too injured to fight recklessly!
You are too injured to fight recklessly!
You are too injured to fight recklessly!
There is a stone staircase leading up here.
You can't go down here!
The centaur shoots an arrow.
The arrow closely misses you. The slime creature hits you.
The slime creature closely misses you.
The centaur shoots an arrow.
The arrow barely misses you.
You climb upwards.
There is a stone staircase leading down here.
You bludgeon the slime creature!!
Your weapon exudes an aura of protection.
The slime creature hits you!
* * * LOW HITPOINT WARNING * * *
The slime creature closely misses you.
You hit the slime creature. The slime creature hits you.
* * * LOW HITPOINT WARNING * * *
The slime creature hits you.
* * * LOW HITPOINT WARNING * * *
You hit the slime creature.
The slime creature hits you but does no damage.
The slime creature hits you.
* * * LOW HITPOINT WARNING * * *
The slime creature barely misses you.
Two slime creatures merge to form a large slime creature.
Two slime creatures merge to form a large slime creature.
A large slime creature is nearby!
The slime creature quivers.
There is a stone staircase leading down here.
You climb downwards.
You hear the roar of battle.
There is an entrance to a bailey on this level.
Hurry and find it before the portal closes forever!
You hear the faint creaking of a very distant portcullis.
There is a stone staircase leading up here.
The centaur shouts!
The centaur shoots an arrow.
You block the arrow.
The centaur unwields a +0 shortbow.
You block the centaur's attack.
The centaur kicks you but does no damage.
You sock the centaur!
Your weapon exudes an aura of protection.
The centaur closely misses you. x2
You sock the centaur!
You kill the centaur!
Things that are here:
a +0 shortbow; 16 arrows; a centaur corpse The slime creature quivers.
Things that are here:
a +0 shortbow; 16 arrows; a centaur corpse The slime creature barely misses you.
You sock the slime creature!
Your weapon exudes an aura of protection.
The slime creature closely misses you.
You hit the slime creature. You block the slime creature's attack.
You bludgeon the slime creature!! The slime creature closely misses you.
You hit the slime creature. The slime creature barely misses you.
You sock the slime creature!
Two slime creatures merge to form a large slime creature.
You bludgeon the large slime creature!! The large slime creature hits you!!
* * * LOW HITPOINT WARNING * * *
Things that are here:
a +0 shortbow; 16 arrows; a centaur corpse
Okay, then.
Okay, then.
You hear the faint creaking of a very distant portcullis.
There is a stone staircase leading up here.
The large slime creature closely misses you.
You climb upwards.
The slime creature closely misses you. The slime creature hits you.
* * * LOW HITPOINT WARNING * * *
There is a stone staircase leading down here.
You block the slime creature's attack. The large slime creature hits you!
* * * LOW HITPOINT WARNING * * *
The slime creature hits you.
You die...

#...#.....#..............###
###...#.###.#..............##
##.....#.....#...............#
###......#'###+#..............###
#......##.........>..............
#..##..#............#......<.....
....#......#......#.##.....(.....
#...#......#.....##.#............
##....#.#....##.@................
##......##...###.J.........##..##
#........)...#.JJ....#.....###..#
#..#.................#.....###...
#####.........######......##.#..#
##......##..######....##.......##
.........#..#.#......####.......#
........##......#######..........
...........#.#.......^#)..#.J.##.


You could see a large slime creature and 2 slime creatures.

Vanquished Creatures
  A sky beast (D:6)
  2 ogres
  A centaur (D:7)
  2 scorpions (D:5)
  A water moccasin skeleton (D:5)
  3 wights
  A centaur zombie (D:6)
  A bullfrog zombie (D:7)
  4 jellies
  Crazy Yiuf (D:2)
  2 hounds
  7 orc priests
  A scorpion zombie (D:3)
  Natasha (thrice) (D:2)
  4 orc wizards
  A hound skeleton (D:5)
  Robin (D:2)
  3 gnolls (D:3)
  3 adders
  A howler monkey skeleton (D:4)
  A shadow imp (D:4)
  A white imp (D:4)
  An ufetubus (D:4)
  4 worms
  2 dart slugs
  20 orcs
  4 endoplasms
  2 giant cockroaches (D:2)
  5 hobgoblins
  3 jackals (D:1)
  A quokka (D:1)
  10 ball pythons
  3 bats
  4 frilled lizards
  20 goblins
  7 kobolds
  6 rats
137 creatures vanquished.

Vanquished Creatures (collateral kills)
  An orc (D:6)
1 creature vanquished.

Grand Total: 138 creatures vanquished

Notes
Turn   | Place    | Note
-------+----------+-------------------------------------------
     0 | D:1      | CryoSword the Formicid Fighter began the quest for the Orb.
     0 | D:1      | Reached XP level 1. HP: 18/18 MP: 1/1
   252 | D:1      | Reached XP level 2. HP: 24/24 MP: 2/2
   397 | D:1      | You fall into a shaft and drop 1 floor!
   405 | D:2      | Noticed Robin
   429 | D:2      | Noticed Natasha
   707 | D:1      | Reached XP level 3. HP: 27/29 MP: 3/3
  1468 | D:2      | Killed Natasha
  1469 | D:2      | Reached XP level 4. HP: 29/37 MP: 4/4
  1569 | D:2      | Found a runed translucent door.
  1570 | D:2      | Noticed Crazy Yiuf
  1635 | D:2      | Killed Crazy Yiuf
  1775 | D:2      | Killed Robin
  1776 | D:2      | Reached skill level 1 in Dodging
  1776 | D:2      | Reached XP level 5. HP: 38/42 MP: 5/5
  1810 | D:2      | Noticed Natasha
  1815 | D:2      | Killed Natasha
  1916 | D:2      | Noticed Natasha
  1923 | D:2      | Killed Natasha
  2047 | D:2      | Found Fup Naom's Antique Armour Shoppe.
  2269 | D:2      | Identified a scroll of acquirement
  2269 | D:2      | Acquired a +0 lajatang of electrocution
  2453 | D:3      | Noticed an ogre
  2458 | D:3      | Killed an ogre
  2459 | D:3      | Reached XP level 6. HP: 48/48 MP: 6/6
  2530 | D:3      | Found Koufor's General Store.
  2624 | D:3      | Bought a +0 pair of boots for 58 gold pieces
  2674 | D:3      | Reached XP level 7. HP: 52/55 MP: 7/7
  2780 | D:3      | Reached skill level 5 in Shields
  2935 | D:3      | Found a bloodstained altar of Trog.
  2957 | D:3      | Found a faded altar of an unknown god.
  3177 | D:4      | Found Zupokk's Antique Weapon Shoppe.
  3691 | D:5      | Entered Level 5 of the Dungeon
  3698 | D:5      | Reached skill level 5 in Staves
  3753 | D:5      | Reached XP level 8. HP: 61/61 MP: 8/8
  3775 | D:5      | Reached skill level 5 in Fighting
  3775 | D:5      | Reached skill level 5 in Armour
  3923 | D:5      | Found a sacrificial altar of Ru.
  4085 | D:5      | Found a hazy altar of Hepliaklqana.
  4645 | D:6      | Found a stormy altar of Qazlal.
  4761 | D:6      | Reached XP level 9. HP: 56/67 MP: 9/9
  5205 | D:7      | Noticed a slime creature
  5205 | D:7      | Noticed a slime creature
  5207 | D:7      | Noticed a slime creature
  5207 | D:7      | Noticed a slime creature
  5337 | D:6      | HP: 1/69 [large slime creature (8)]
  5339 | D:6      | Slain by a slime creature

Illustrated notes

Levels and vault maps discovered:
D:1:      erik_arrival_triangle_medium, layout_basic, minmay_cupped
D:2:      layout_basic, serial_shops, nicolae_lakefront_shop,
          kennysheep_crisscross, chequers_hall_statues_corner_a, uniq_natasha,
          uniq_robin, uniq_crazy_yiuf_cottage
D:3:      layout_rooms, mainiacjoe_overflow_small_starburst, serial_shops,
          nicolae_shop_trees, ebering_ecumenical_altar_petrified
D:4:      layout_cave_pools, serial_shops, shop
D:5:      lemuel_ice_spiral_2, layout_basic,
          nicolae_ru_great_annihilating_truth, lemuel_round_altar, serial_glass,
          glass_columns_b, glass_columns_c
D:6:      layout_cave_pools, mainiacjoe_overflow_six_doors_small,
          corner_web_ring, minivault_23, hangedman_decor_growths
D:7:      layout_rooms, minmay_temple_entry_poolview, enter_bailey_8

Skill      XL: |  1  2  3  4  5  6  7  8 |
---------------+-------------------------+-----
Shields        | 4 5 6 |  6.3
Staves         | 3 4 5 6 |  6.5
Dodging        | 1 2 3 |  3.6
Armour         | 4 5 |  5.8
Fighting       | 4 5 |  5.8

Action                   |  1- 3 |  4- 6 |  7- 9 || total
-------------------------+-------+-------+-------++-------
Melee: Quarterstaff      |    84 |    80 |   191 ||   355
 Abil: Dig               |       |       |     1 ||     1
  Use: Scroll            |       |     5 |     5 ||    10
       Potion            |       |     1 |       ||     1
 Stab: Paralysed         |       |     1 |     1 ||     2
       Confused          |       |       |     1 ||     1
Armor: Scale mail        |    44 |    23 |    73 ||   140
Dodge: Dodged            |    60 |    43 |   120 ||   223
Block: Buckler           |    30 |    16 |    48 ||    94
